 Dungeon Crawl Stone Soup version 0.30.0-20-g3615ddf2f0 (webtiles) character file.

Game seed: 12368283040306220073

10731 qw the Cleaver (level 11, -2/69 HPs)
             Began as a Gargoyle Fighter on May 30, 2023.
             Was a Believer of Okawaru.
             Slain by Amaemon
             ... wielding a +0 demon whip of venom
              (13 damage)
             ... on level 1 of the Lair of Beasts.
             The game lasted 00:05:10 (11605 turns).

qw the Cleaver (Gargoyle Fighter)                  Turns: 11605, Time: 00:05:10

Health: -2/69      AC: 10    Str: 23    XL:     11   Next: 66%
Magic:  13/14      EV: 20    Int: 10    God:    Okawaru [**....]
Gold:   855        SH:  0    Dex:  9    Spells: 10/10 levels left

rFire   + + .        Y - melded +1 broad axe
rCold   + + .        q - melded +0 kite shield
rNeg    + + +        o - melded +0 plate armour
rPois   inf          p - melded +0 helmet
rElec   +            (cloak currently unavailable)
rCorr   +            t - melded +0 pair of gloves
SInv    .            (boots currently unavailable)
Will    .....        (amulet currently unavailable)
Stlth   +++          n - melded +4 ring of slaying {mikee}
HPRegen 0.31/turn    r - melded ring of see invisible
MPRegen 0.14/turn

%: no passive effects
@: about to teleport, wisp-form (expiring), heroic, weakened, flying
A: insubstantial, flying, no casting, sickness immunity, AC +8, tiny, negative
energy resistance 1, (electricity resistance), torment resistance 1,
petrification resistance
a: Renounce Religion, Heroism


You were on level 1 of the Lair of Beasts.
You worshipped Okawaru.
Okawaru was pleased with you.
You were an insubstantial wisp.
You visited 2 branches of the dungeon, and saw 11 of its levels.

You collected 913 gold pieces.
You spent 58 gold pieces at shops.


Innate Abilities, Weirdness & Mutations

You are an insubstantial wisp.
Your tiny insubstantial body is highly resistant to most damage types.
You are flying.
Your equipment is entirely melded.
You are incapable of wielding weapons or throwing items.
You cannot cast spells.
You are immune to sickness and miasma.
((Your stone body is resilient. (AC +8)))
You are immune to poison.
You resist negative energy. (rN+)
((You are resistant to electric shocks. (rElec)))
You are resistant to unholy torment.
You are immune to petrification.


   Skills:
 + Level 8.5(13.5) Fighting
 - Level 11.0(16.0) Axes
 - Level 3.1(8.1) Throwing
 - Level 7.0(12.0) Armour
 - Level 1.5(6.5) Dodging
 - Level 10.0(15.0) Shields
 - Level 4.1 Invocations


You had 10 spell levels left.
You didn't know any spells.
Your spell library was empty.

Inventory:

Hand Weapons
 k - a +0 morningstar
 Y - a +1 broad axe (melded)
Missiles
 u - 4 javelins
Armour
 o - a +0 plate armour (melded)
 p - a +0 helmet (melded)
 q - a +0 kite shield (melded)
 t - a +0 pair of gloves (melded)
 v - +0 acid dragon scales
Jewellery
 b - a ring of protection from fire
 i - a ring of protection from cold
 l - a ring of resist corrosion
 n - a +4 ring of slaying (melded) {mikee}
 r - a ring of see invisible (melded)
 s - a ring of willpower
Scrolls
 g - 8 scrolls of identify
 j - 3 scrolls of teleportation
Potions
 a - 5 potions of attraction
 d - 2 potions of might
 e - 3 potions of haste
 f - a potion of lignification
 h - a potion of resistance
 m - 8 potions of curing
 w - 2 potions of magic

Dungeon Overview and Level Annotations

Branches:
Dungeon (10/15)            Temple (0/1) D:6            Lair (1/5) D:10
    Orc (0/2) D:9

Altars:
Ashenzari
Cheibriados
Dithmenos
Elyvilon
Gozag
Hepliaklqana
Nemelex Xobeh
Okawaru
Ru
Sif Muna
Xom
The Shining One

Shops:
D:2 *(   D:3 =   D:10 *

Portals:
Trove: D:10 (show abyssal rune of Zot)

Annotations:
D:7 1 runed translucent door, Crazy Yiuf
Lair:1 Amaemon


Message History

Enter note: Amaemon barely misses you. Amaemon claws you but does no damage.
Amaemon tail-slaps you but does no damage.
The orange demon closely misses you. The orange demon hits you.
Enter note: You barely miss Amaemon.
The orange demon completely misses you.
The orange demon hits you but does no damage.
Amaemon hits you with a +0 demon whip of venom!
Amaemon claws you. Amaemon completely misses you. The cane toad stings you.
You touch Amaemon!
Amaemon is lightly wounded.
The cane toad completely misses you.
You touch Amaemon!
Amaemon is moderately wounded.
The orange demon barely misses you. The orange demon completely misses you.
Amaemon barely misses you. Amaemon claws you but does no damage.
Amaemon tail-slaps you.
You touch Amaemon!
Amaemon is heavily wounded.
The cane toad misses you. The orange demon stings you.
The orange demon hits you.
You feel your attacks grow feeble.
Amaemon hits you with a +0 demon whip of venom!
Amaemon completely misses you. Amaemon barely misses you.
You touch Amaemon!
Amaemon is heavily wounded.
Your transformation is almost over.
The cane toad stings you. The orange demon barely misses you.
The orange demon hits you but does no damage.
Amaemon hits you with a +0 demon whip of venom!
Amaemon claws you but does no damage. Amaemon tail-slaps you.
11605 ||| READING 4 scrolls of teleportation.
As you read the scroll of teleportation, it crumbles to dust.
You feel strangely unstable. The cane toad closely misses you.
The orange demon stings you but does no damage.
The orange demon hits you but does no damage.
Amaemon hits you with a +0 demon whip of venom!
You die...

.....%.##.#......
.....%#.<...............
......%.........#.......
.....#...........#.....
...##....>...........#
.#...#..............?##.
.####..#..........P#....
.##.......##....#F......
..##............v6......
....#...##.......4.##...
..#..##..#.............
...####...#.............
.... ..........#.#......
##........#.>.....##..P#
.#.....#.#.......$##...
..#./..#...##...... ...
## #........ .


You could see Amaemon, an orange demon (curare) and a cane toad.

Vanquished Creatures
  A two-headed ogre (D:9)
  A black mamba (Lair:1)
  An elephant (D:10)
  A cane toad (Lair:1)
  Maggie (D:8)
  2 guardian mummies (D:10)
  A troll (D:9)
  Prince Ribbit (D:9)
  A shadow (D:10)
  A basilisk (D:10)
  12 yaks
  Grum (D:10)
  A steam dragon (D:7)
  4 vampire mosquitoes (D:10)
  3 acid dragons
  2 water moccasins (D:7)
  An ice beast (D:8)
  6 orc warriors
  5 black bears
  5 ogres
  A sky beast (D:6)
  5 centaurs
  2 wolves (D:10)
  A phantom (D:5)
  6 kobold brigands (D:9)
  2 bullfrogs
  4 scorpions
  3 gnoll sergeants (D:9)
  3 wights (D:8)
  6 electric eels (D:10)
  6 hounds
  3 jellies
  2 gnoll boudas
  5 orc priests
  An iguana (D:6)
  11 orc wizards
  A sleepcap (D:7)
  8 adders
  28 gnolls
  2 white imps
  An ufetubus (D:6)
  A worm (D:3)
  2 dart slugs
  34 orcs
  6 ball pythons
  5 endoplasms
  A giant cockroach (D:2)
  4 goblins
  7 hobgoblins
  6 jackals
  5 quokkas
  6 bats
  3 frilled lizards
  7 kobolds
  4 rats
243 creatures vanquished.

Notes
Turn   | Place    | Note
-------+----------+-------------------------------------------
     0 | D:1      | qw the Gargoyle Fighter began the quest for the Orb.
     0 | D:1      | Reached XP level 1. HP: 14/14 MP: 1/1
     0 | D:1      | 0 ||| qw: Version: 0.2-a-102-g2b76a06
     0 | D:1      | 0 ||| qw: Game counter: 499
     0 | D:1      | 0 ||| qw: Always use a shield: true
     0 | D:1      | 0 ||| qw: God list: Okawaru
     0 | D:1      | 0 ||| qw: Allow faded altars: false
     0 | D:1      | 0 ||| qw: Do Orc after D:15 true
     0 | D:1      | 0 ||| qw: Do second Lair branch before Depths: true
     0 | D:1      | 0 ||| qw: Lair rune preference: random
     0 | D:1      | 0 ||| qw: Plans: Normal, Zot:1-4, Slime:5, God:TSO, Crypt,
                  | Tomb, Pan, Hells, Abyss, Win
     0 | D:1      | 0 ||| PLANNING D:1-11
    74 | D:1      | Reached skill level 2 in Axes
   320 | D:1      | Found a faded altar of an unknown god.
   334 | D:1      | Reached XP level 2. HP: 19/19 MP: 2/2
   892 | D:1      | 892 ||| UPGRADING to +4 ring of slaying {mikee}.
   893 | D:1      | 893 ||| READING scroll labelled QYATZYBATI.
   894 | D:1      | 894 ||| READING 3 scrolls labelled RETEYH OZERU.
   895 | D:1      | 895 ||| READING 3 scrolls labelled LYRUVI KIRR.
   896 | D:1      | 896 ||| READING scroll labelled DUCEHO SORU.
   897 | D:1      | 897 ||| DRINKING 2 grey potions.
   898 | D:1      | 898 ||| READING 2 scrolls of identify.
   898 | D:1      | 898 ||| IDENTIFYING sapphire potion
   899 | D:1      | 899 ||| DROPPING 2 scrolls of magic mapping.
   929 | D:2      | 929 ||| READING scroll of brand weapon.
   929 | D:2      | 929 ||| BRANDING +0 war axe of flaming.
   948 | D:2      | Reached skill level 3 in Axes
   949 | D:2      | Reached XP level 3. HP: 23/23 MP: 3/3
   963 | D:2      | 963 ||| DROPPING +0 club.
   968 | D:2      | Found Wirra's Antique Weapon Shop.
   969 | D:2      | Found Wiaw's Assorted Antiques.
   970 | D:2      | 970 ||| Stepping ~*~*~tactically~*~*~ (hiding).
   976 | D:2      | Reached XP level 4. HP: 28/28 MP: 4/4
   981 | D:2      | Reached skill level 4 in Axes
  1002 | D:2      | 1002 ||| BUYING amethyst potion (18 gold).
  1002 | D:2      | Bought an amethyst potion for 18 gold pieces
  1002 | D:2      | 1002 ||| SHOPLISTING jewelled ivory wand (80 gold, have
                  | 57).
  1002 | D:2      | 1002 ||| SHOPLISTING potion of curing (60 gold, have 57).
  1002 | D:2      | 1002 ||| SHOPLISTING potion of might (80 gold, have 57).
  1002 | D:2      | 1002 ||| BUYING scroll of identify (40 gold).
  1002 | D:2      | Bought a scroll of identify for 40 gold pieces
  1002 | D:2      | 1002 ||| SHOPLISTING scroll of identify (40 gold, have 17).
  1002 | D:2      | 1002 ||| SHOPLISTING shiny ring mail (140 gold, have 17).
  1025 | D:2      | 1025 ||| Stepping ~*~*~tactically~*~*~ (hiding).
  1469 | D:2      | Reached XP level 5. HP: 31/32 MP: 5/5
  1589 | D:2      | 1589 ||| SHOPLISTING glowing whip (126 gold, have 62).
  1589 | D:2      | 1589 ||| READING 2 scrolls labelled ZICYTO TAIBRILEUB.
  1592 | D:2      | 1592 ||| READING scroll labelled UDDURCH HODAEXIO.
  1593 | D:2      | 1593 ||| READING scroll labelled FAIFYG ALORPH.
  1594 | D:2      | 1594 ||| READING 3 scrolls of identify.
  1594 | D:2      | 1594 ||| IDENTIFYING amethyst potion
  1595 | D:2      | 1595 ||| READING 2 scrolls of identify.
  1595 | D:2      | 1595 ||| IDENTIFYING lumpy silvery potion
  1656 | D:3      | 1656 ||| Stepping ~*~*~tactically~*~*~ (stealth).
  1662 | D:3      | 1662 ||| Stepping ~*~*~tactically~*~*~ (stealth).
  1682 | D:3      | Found a shadowy altar of Dithmenos.
  1702 | D:3      | 1702 ||| Stepping ~*~*~tactically~*~*~ (hiding).
  1724 | D:3      | 1724 ||| Stepping ~*~*~tactically~*~*~ (stealth).
  1743 | D:3      | 1743 ||| DROPPING +0 whip.
  1779 | D:3      | Found a hazy altar of Hepliaklqana.
  1808 | D:3      | Found Kuheel's Jewellery Boutique.
  1813 | D:3      | 1813 ||| SHOPLISTING +5 ring of evasion (468 gold, have
                  | 78).
  1813 | D:3      | 1813 ||| SHOPLISTING +6 ring of strength (468 gold, have
                  | 78).
  1813 | D:3      | 1813 ||| SHOPLISTING amulet of faith (520 gold, have 78).
  1813 | D:3      | 1813 ||| SHOPLISTING ring "Ruejiqiag" {+Blink rPois Will+
                  | Int+4} (670 gold, have 78).
  1813 | D:3      | 1813 ||| SHOPLISTING ring of protection from fire (325
                  | gold, have 78).
  1813 | D:3      | 1813 ||| SHOPLISTING ring of resist corrosion (260 gold,
                  | have 78).
  1883 | D:3      | 1883 ||| READING scroll of brand weapon.
  1883 | D:3      | 1883 ||| BRANDING +0 war axe of chaos.
  2123 | D:3      | Found a snail-covered altar of Cheibriados.
  2150 | D:3      | 2150 ||| UPGRADING to ring of protection from fire.
  2151 | D:3      | 2151 ||| DRINKING 2 clear potions.
  2152 | D:3      | 2152 ||| READING 2 scrolls of identify.
  2152 | D:3      | 2152 ||| IDENTIFYING orange potion
  2153 | D:3      | 2153 ||| DROPPING potion of flight.
  2200 | D:4      | 2200 ||| STAIRDANCE
  2205 | D:3      | Reached skill level 5 in Axes
  2358 | D:4      | Reached XP level 6. HP: 32/38 MP: 6/6
  2475 | D:4      | 2475 ||| Stepping ~*~*~tactically~*~*~ (hiding).
  2476 | D:4      | 2476 ||| Stepping ~*~*~tactically~*~*~ (hiding).
  2672 | D:4      | Reached skill level 1 in Dodging
  2760 | D:4      | 2760 ||| Stepping ~*~*~tactically~*~*~ (stealth).
  2761 | D:4      | 2761 ||| Stepping ~*~*~tactically~*~*~ (stealth).
  2762 | D:4      | 2762 ||| Stepping ~*~*~tactically~*~*~ (stealth).
  2764 | D:4      | 2764 ||| Stepping ~*~*~tactically~*~*~ (stealth).
  2765 | D:4      | 2765 ||| Stepping ~*~*~tactically~*~*~ (stealth).
  3030 | D:4      | Reached XP level 7. HP: 43/43 MP: 7/7
  3105 | D:4      | Found a white marble altar of Elyvilon.
  3269 | D:4      | 3269 ||| UPGRADING to +0 helmet.
  3274 | D:4      | 3274 ||| UPGRADING to +0 kite shield.
  3284 | D:4      | 3284 ||| DROPPING +0 buckler.
  3304 | D:5      | Entered Level 5 of the Dungeon
  3349 | D:5      | Found a shimmering altar of Xom.
  3405 | D:5      | Reached skill level 6 in Axes
  3478 | D:5      | Reached skill level 6 in Shields
  3478 | D:5      | Reached XP level 8. HP: 48/48 MP: 8/8
  3626 | D:5      | Reached skill level 7 in Axes
  3887 | D:5      | 3887 ||| Stepping ~*~*~tactically~*~*~ (hiding).
  4096 | D:5      | 4096 ||| DROPPING +2 whip of venom.
  4164 | D:5      | Found an iron altar of Okawaru.
  4165 | D:5      | 4165 ||| PLANNING OKAWARU WORSHIP
  4165 | D:5      | 4165 ||| Stepping ~*~*~tactically~*~*~ (hiding).
  4273 | D:5      | 4273 ||| UPGRADING to +0 chain mail.
  4283 | D:5      | 4283 ||| DROPPING +0 scale mail.
  4284 | D:5      | 4284 ||| UPGRADING to ring of see invisible.
  4294 | D:5      | Became a worshipper of Warmaster Okawaru
  4294 | D:5      | 4294 ||| PLANNING D:1-11
  4600 | D:6      | 4600 ||| Stepping ~*~*~tactically~*~*~ (hiding).
  4629 | D:6      | 4629 ||| Stepping ~*~*~tactically~*~*~ (stealth).
  4641 | D:6      | Found a broken altar of Ashenzari.
  4728 | D:6      | 4728 ||| DROPPING +1 mace of holy wrath.
  4884 | D:6      | Reached * piety under Okawaru
  4885 | D:6      | 4885 ||| INVOKING Heroism.
  5262 | D:6      | Found a shimmering blue altar of Sif Muna.
  5287 | D:6      | Reached XP level 9. HP: 54/54 MP: 9/9
  5292 | D:6      | Found a staircase to the Ecumenical Temple.
  5355 | D:6      | 5355 ||| Stepping ~*~*~tactically~*~*~ (stealth).
  5360 | D:6      | Reached skill level 1 in Throwing
  5360 | D:6      | Reached skill level 1 in Invocations
  5363 | D:6      | 5363 ||| INVOKING Heroism.
  5432 | D:6      | Reached skill level 8 in Axes
  5528 | D:6      | 5528 ||| READING scroll labelled EMMOWKUTUI.
  5529 | D:6      | 5529 ||| READING 3 scrolls of identify.
  5529 | D:6      | 5529 ||| IDENTIFYING viscous ruby potion
  5530 | D:6      | 5530 ||| READING 2 scrolls of identify.
  5530 | D:6      | 5530 ||| IDENTIFYING silvery potion
  5531 | D:6      | 5531 ||| DROPPING potion of degeneration.
  5532 | D:6      | 5532 ||| DROPPING potion of ambrosia.
  5577 | D:7      | 5577 ||| INVOKING Heroism.
  5668 | D:7      | 5668 ||| DROPPING +0 flail.
  5755 | D:7      | 5755 ||| INVOKING Heroism.
  5758 | D:7      | Reached skill level 6 in Fighting
  5806 | D:7      | 5806 ||| DROPPING +4 flail.
  5929 | D:7      | Found a runed translucent door.
  5930 | D:7      | Noticed Crazy Yiuf
  5983 | D:7      | Found a sparkling altar of Nemelex Xobeh.
  6088 | D:7      | 6088 ||| INVOKING Heroism.
  6319 | D:7      | 6319 ||| Stepping ~*~*~tactically~*~*~ (hiding).
  6323 | D:7      | 6323 ||| INVOKING Heroism.
  6330 | D:7      | 6330 ||| Stepping ~*~*~tactically~*~*~ (cloud).
  6515 | D:7      | 6515 ||| SWAPPING to +0 broad axe.
  6516 | D:7      | 6516 ||| DROPPING +0 war axe of venom.
  6697 | D:7      | 6697 ||| UPGRADING to +0 pair of gloves.
  6702 | D:7      | 6702 ||| READING scroll labelled EMEH CETYULI.
  6703 | D:7      | 6703 ||| READING scroll labelled UTAIS QABOLI.
  6704 | D:7      | 6704 ||| READING 3 scrolls of identify.
  6704 | D:7      | 6704 ||| IDENTIFYING inky potion
  6705 | D:7      | 6705 ||| READING 2 scrolls of identify.
  6705 | D:7      | 6705 ||| IDENTIFYING smoky golden potion
  6706 | D:7      | 6706 ||| DROPPING potion of invisibility.
  6894 | D:8      | 6894 ||| Stepping ~*~*~tactically~*~*~ (hiding).
  6943 | D:8      | Identified the +0 ring mail of Jyhygaw {rCorr}
  6988 | D:8      | 6988 ||| FLEEEEING.
  6989 | D:8      | 6989 ||| FLEEEEING.
  6990 | D:8      | 6990 ||| FLEEEEING.
  6991 | D:8      | 6991 ||| FLEEEEING.
  6992 | D:8      | 6992 ||| FLEEEEING.
  6993 | D:8      | 6993 ||| FLEEEEING.
  6994 | D:8      | 6994 ||| FLEEEEING.
  7000 | D:8      | 7000 ||| FLEEEEING.
  7001 | D:8      | 7001 ||| FLEEEEING.
  7002 | D:8      | 7002 ||| FLEEEEING.
  7003 | D:8      | 7003 ||| FLEEEEING.
  7004 | D:8      | 7004 ||| FLEEEEING.
  7005 | D:8      | 7005 ||| FLEEEEING.
  7007 | D:8      | 7007 ||| FLEEEEING.
  7008 | D:8      | 7008 ||| FLEEEEING.
  7009 | D:8      | 7009 ||| FLEEEEING.
  7010 | D:8      | 7010 ||| STAIRDANCE
  7091 | D:8      | 7091 ||| INVOKING Heroism.
  7231 | D:8      | 7231 ||| Stepping ~*~*~tactically~*~*~ (hiding).
  7263 | D:8      | 7263 ||| FLEEEEING.
  7264 | D:8      | 7264 ||| FLEEEEING.
  7265 | D:8      | 7265 ||| FLEEEEING.
  7266 | D:8      | 7266 ||| FLEEEEING.
  7267 | D:8      | 7267 ||| FLEEEEING.
  7268 | D:8      | 7268 ||| FLEEEEING.
  7270 | D:8      | 7270 ||| FLEEEEING.
  7271 | D:8      | 7271 ||| FLEEEEING.
  7272 | D:8      | 7272 ||| FLEEEEING.
  7283 | D:8      | Reached skill level 9 in Axes
  7504 | D:8      | Reached skill level 3 in Invocations
  7504 | D:8      | Reached XP level 10. HP: 60/60 MP: 12/12
  7561 | D:8      | 7561 ||| INVOKING Heroism.
  7853 | D:8      | Noticed Maggie
  7874 | D:8      | 7874 ||| INVOKING Heroism.
  7875 | D:8      | Killed Maggie
  8122 | D:8      | 8122 ||| DROPPING +0 ring mail of Jyhygaw {rCorr}.
  8293 | D:9      | Found a glowing golden altar of the Shining One.
  8311 | D:9      | 8311 ||| Stepping ~*~*~tactically~*~*~ (hiding).
  8312 | D:9      | 8312 ||| Stepping ~*~*~tactically~*~*~ (hiding).
  8380 | D:9      | 8380 ||| Stepping ~*~*~tactically~*~*~ (stealth).
  8382 | D:9      | 8382 ||| Stepping ~*~*~tactically~*~*~ (stealth).
  8393 | D:9      | 8393 ||| INVOKING Heroism.
  8557 | D:9      | Found a staircase to the Orcish Mines.
  8558 | D:9      | 8558 ||| INVOKING Heroism.
  8570 | D:9      | HP: 15/63 [kobold brigand/+0 whip (1)]
  8571 | D:9      | 8571 ||| READING 3 scrolls of teleportation.
  8573 | D:9      | HP: 4/63 [kobold brigand/+0 dagger (5)]
  8784 | D:9      | 8784 ||| Stepping ~*~*~tactically~*~*~ (hiding).
  8785 | D:9      | 8785 ||| Stepping ~*~*~tactically~*~*~ (hiding).
  8786 | D:9      | 8786 ||| Stepping ~*~*~tactically~*~*~ (hiding).
  8789 | D:9      | 8789 ||| INVOKING Heroism.
  8806 | D:9      | 8806 ||| INVOKING Heroism.
  8808 | D:9      | Reached skill level 9 in Shields
  8859 | D:9      | 8859 ||| FLEEEEING.
  8860 | D:9      | 8860 ||| Stepping ~*~*~tactically~*~*~ (stealth).
  8862 | D:9      | 8862 ||| INVOKING Heroism.
  8910 | D:9      | 8910 ||| FLEEEEING.
  8911 | D:9      | 8911 ||| FLEEEEING.
  8990 | D:9      | Noticed a two-headed ogre
  8991 | D:9      | 8991 ||| INVOKING Heroism.
  8992 | D:9      | 8992 ||| Stepping ~*~*~tactically~*~*~ (stealth).
  8993 | D:9      | 8993 ||| Stepping ~*~*~tactically~*~*~ (stealth).
  8995 | D:9      | 8995 ||| Stepping ~*~*~tactically~*~*~ (stealth).
  9000 | D:9      | Killed a two-headed ogre
  9001 | D:9      | Reached skill level 10 in Axes
  9005 | D:9      | Reached ** piety under Okawaru
  9063 | D:9      | 9063 ||| Stepping ~*~*~tactically~*~*~ (stealth).
  9081 | D:9      | 9081 ||| Stepping ~*~*~tactically~*~*~ (stealth).
  9082 | D:9      | 9082 ||| Stepping ~*~*~tactically~*~*~ (stealth).
  9084 | D:9      | 9084 ||| Stepping ~*~*~tactically~*~*~ (hiding).
  9085 | D:9      | 9085 ||| Stepping ~*~*~tactically~*~*~ (hiding).
  9086 | D:9      | 9086 ||| INVOKING Heroism.
  9165 | D:9      | Found a sacrificial altar of Ru.
  9174 | D:9      | Noticed Prince Ribbit
  9176 | D:9      | 9176 ||| Stepping ~*~*~tactically~*~*~ (hiding).
  9186 | D:9      | 9186 ||| INVOKING Heroism.
  9193 | D:9      | Killed Prince Ribbit
  9231 | D:9      | 9231 ||| FLEEEEING.
  9232 | D:9      | 9232 ||| FLEEEEING.
  9236 | D:9      | 9236 ||| FLEEEEING.
  9237 | D:9      | 9237 ||| FLEEEEING.
  9238 | D:9      | 9238 ||| FLEEEEING.
  9239 | D:9      | 9239 ||| FLEEEEING.
  9240 | D:9      | 9240 ||| FLEEEEING.
  9241 | D:9      | 9241 ||| FLEEEEING.
  9242 | D:9      | 9242 ||| FLEEEEING.
  9243 | D:9      | 9243 ||| FLEEEEING.
  9244 | D:9      | 9244 ||| FLEEEEING.
  9245 | D:9      | 9245 ||| FLEEEEING.
  9246 | D:9      | 9246 ||| FLEEEEING.
  9247 | D:9      | 9247 ||| FLEEEEING.
  9248 | D:9      | 9248 ||| FLEEEEING.
  9249 | D:9      | 9249 ||| FLEEEEING.
  9250 | D:9      | 9250 ||| FLEEEEING.
  9251 | D:9      | 9251 ||| FLEEEEING.
  9252 | D:9      | 9252 ||| FLEEEEING.
  9253 | D:9      | 9253 ||| FLEEEEING.
  9254 | D:9      | 9254 ||| INVOKING Heroism.
  9262 | D:9      | Reached XP level 11. HP: 37/68 MP: 11/14
  9371 | D:9      | 9371 ||| Stepping ~*~*~tactically~*~*~ (hiding).
  9501 | D:9      | 9501 ||| Stepping ~*~*~tactically~*~*~ (hiding).
  9503 | D:9      | 9503 ||| Stepping ~*~*~tactically~*~*~ (hiding).
  9505 | D:9      | 9505 ||| Stepping ~*~*~tactically~*~*~ (hiding).
  9506 | D:9      | 9506 ||| Stepping ~*~*~tactically~*~*~ (hiding).
  9518 | D:9      | Reached skill level 3 in Throwing
 10136 | D:9      | 10136 ||| UPGRADING to +0 plate armour.
 10146 | D:9      | 10146 ||| DROPPING +0 chain mail.
 10186 | D:10     | Entered Level 10 of the Dungeon
 10224 | D:10     | 10224 ||| INVOKING Heroism.
 10259 | D:10     | 10259 ||| INVOKING Heroism.
 10274 | D:10     | 10274 ||| INVOKING Heroism.
 10345 | D:10     | 10345 ||| INVOKING Heroism.
 10355 | D:10     | 10355 ||| Stepping ~*~*~tactically~*~*~ (water).
 10494 | D:10     | Noticed Grum
 10495 | D:10     | 10495 ||| INVOKING Heroism.
 10499 | D:10     | Reached skill level 6 in Armour
 10510 | D:10     | Killed Grum
 10664 | D:10     | Found a staircase to the Lair.
 10665 | D:10     | 10665 ||| Stepping ~*~*~tactically~*~*~ (hiding).
 10695 | D:10     | 10695 ||| FLEEEEING.
 10700 | D:10     | 10700 ||| STAIRDANCE
 10753 | D:10     | Found Gozag's Platinum Reserve.
 10785 | D:10     | Found an opulent altar of Gozag.
 10800 | D:10     | 10800 ||| SHOPLISTING amulet of Eternity {Faith Drain Str+2
                  | Int+5 Slay+2} (6450 gold, have 738).
 10800 | D:10     | 10800 ||| SHOPLISTING ring of Xom's Amusement {Will- Str+4
                  | Dex+6} (4720 gold, have 738).
 10882 | D:10     | 10882 ||| INVOKING Heroism.
 10892 | D:10     | 10892 ||| Stepping ~*~*~tactically~*~*~ (water).
 10931 | D:10     | 10931 ||| Stepping ~*~*~tactically~*~*~ (stealth).
 10933 | D:10     | 10933 ||| INVOKING Heroism.
 10936 | D:10     | 10936 ||| Stepping ~*~*~tactically~*~*~ (hiding).
 11142 | D:10     | 11142 ||| INVOKING Heroism.
 11144 | D:10     | 11144 ||| Stepping ~*~*~tactically~*~*~ (stealth).
 11155 | D:10     | Reached skill level 11 in Axes
 11159 | D:10     | 11159 ||| INVOKING Heroism.
 11174 | D:10     | Found a portal to a secret trove of treasure.
 11373 | D:10     | 11373 ||| PLANNING LAIR
 11413 | Lair:1   | Entered Level 1 of the Lair of Beasts
 11415 | Lair:1   | 11415 ||| INVOKING Heroism.
 11448 | Lair:1   | 11448 ||| INVOKING Heroism.
 11530 | Lair:1   | 11530 ||| Stepping ~*~*~tactically~*~*~ (stealth).
 11567 | Lair:1   | 11567 ||| Stepping ~*~*~tactically~*~*~ (stealth).
 11569 | Lair:1   | 11569 ||| INVOKING Heroism.
 11594 | Lair:1   | Noticed Amaemon
 11595 | Lair:1   | 11595 ||| INVOKING Heroism.
 11604 | Lair:1   | HP: 11/69 [Amaemon/+0 demon whip of venom (11)]
 11605 | Lair:1   | 11605 ||| READING 4 scrolls of teleportation.
 11605 | Lair:1   | Slain by Amaemon

Levels and vault maps discovered:
D:1:      amcnicky_arrival_abandoned_market, layout_loops_ring,
          basic_ecumenical_altar, bh_walls_and_bars
D:2:      layout_basic, serial_shops, nicolae_shop_window_shopping, shop
D:3:      layout_rooms, nicolae_dithmenos_shadow_blocks,
          nicolae_hepliaklqana_hippocampus, mainiacjoe_overflow_alcove_2,
          serial_shops, nicolae_shop_tiny_real_fake_doors
D:4:      minmay_skewed_foursquare, layout_gridville, kennysheep_little_box,
          minivault_1
D:5:      layout_gridville, xom_butterflies, mainiacjoe_overflow_paths
D:6:      layout_gridville, ashenzari_conservatory_becter,
          lemuel_blue_sif_altar, minmay_temple_entry_enclosed_plants,
          kennysheep_potato
D:7:      layout_gridville, nemelex_dance_club_becter, uniq_crazy_yiuf_cottage
D:8:      layout_basic, solitary_fountain, uniq_maggie
D:9:      layout_grid_maze, tso_oasis_becter, old_standard_altar,
          kennysheep_orc_monster_closet_entryway, uniq_prince_ribbit1
D:10:     layout_roguey, nicolae_gozag_zags_fifth_avenue, david_lair_generic,
          nicolae_trove_entry_path_of_doom, serial_bayou, serial_bayou_shore_b,
          serial_bayou_ford_a, serial_bayou_pond_e, serial_bayou_lagoon_a,
          serial_bayou_lagoon_b, uniq_grum
Lair:1:   layout_layer_cave, basic_altar, nicolae_volcano_entry_lava_flow,
          grunt_megastairs_4, uniq_amaemon

Skill      XL: |  1  2  3  4  5  6  7  8  9 10 11 |
---------------+----------------------------------+-----
Axes           | 2 3 4 5 6 7 9 10 11 | 11.0
Fighting       | 4 5 6 8 |  8.5
Dodging        | 1 |  1.5
Shields        | 6 7 8 9 10 | 10.0
Throwing       | 2 3 |  3.1
Invocations    | 3 4 |  4.1
Armour         | 4 5 7 |  7.0

Action                     |  1- 3 |  4- 6 |  7- 9 | 10-12 || total
---------------------------+-------+-------+-------+-------++-------
  Melee: War axe           |    81 |   111 |   159 |       ||   351
         Broad axe         |       |       |    33 |   285 ||   318
         Unarmed           |       |       |       |     5 ||     5
  Throw: Javelin           |       |       |    25 |    31 ||    56
 Invoke: Heroism           |       |       |     7 |    24 ||    31
    Use: Scroll            |     6 |     7 |     7 |     2 ||    22
         Potion            |     1 |     1 |       |       ||     2
 Armour: Scale mail        |    50 |    53 |    35 |       ||   138
         Chain mail        |       |       |    51 |    85 ||   136
         Plate armour      |       |       |       |    74 ||    74
         Skin              |       |       |       |     8 ||     8
  Dodge: Dodged            |    40 |    44 |    59 |   114 ||   257
  Block: Buckler           |    16 |    12 |       |       ||    28
         Kite shield       |       |       |    81 |   172 ||   253

Table legend:
 A = Non-vault XP
 B = Vault XP
 C = Vault XP percentage of total XP
 D = Non-vault monster count
 E = Vault monster count
 F = Vault count percentage of total count
                 A         B        C        D         E       F
            +---------+---------+-------+---------+---------+-------
      Total |   10779 |    4551 |  29.7 |     202 |      41 |  16.9
            +---------+---------+-------+---------+---------+-------
        D:1 |      29 |       0 |   0.0 |      17 |       0 |   0.0
        D:2 |     144 |       0 |   0.0 |      21 |       0 |   0.0
        D:3 |      92 |       0 |   0.0 |      18 |       0 |   0.0
        D:4 |     266 |     107 |  28.7 |      11 |       6 |  35.3
        D:5 |    1019 |       0 |   0.0 |      25 |       0 |   0.0
        D:6 |    1028 |      11 |   1.1 |      21 |       2 |   8.7
        D:7 |     940 |     123 |  11.6 |      12 |       2 |  14.3
        D:8 |    1008 |     398 |  28.3 |      26 |       1 |   3.7
        D:9 |    2713 |    1829 |  40.3 |      18 |      21 |  53.8
       D:10 |    1845 |    2083 |  53.0 |      27 |       9 |  25.0
     Lair:1 |    1695 |       0 |   0.0 |       6 |       0 |   0.0
            +---------+---------+-------+---------+---------+-------
